 Dungeon Crawl Stone Soup version 0.28-a0-628-g3c9886e45e (webtiles) character file.

Game seed: 7544216476351700261

236513 dolemite99 the Impaler (level 18, 0/170 HPs)
             Began as a Minotaur Hunter on Oct 8, 2021.
             Was a Priest of Okawaru.
             Slain by a cyan very ugly thing (25 damage)
             ... on level 1 of the Vaults on Oct 9, 2021.
             The game lasted 01:23:38 (63518 turns).

dolemite99 the Impaler (Minotaur Hunter)           Turns: 63518, Time: 01:23:38

Health: 0/170      AC: 38    Str: 23    XL:     18   Next: 94%
Magic:  24/24      EV: 14    Int:  8    God:    Okawaru [***...]
Gold:   1123       SH:  0    Dex: 13    Spells: 17/17 levels left

rFire   + + .      SeeInvis .   a - +1 glaive (flame)
rCold   + . .      Faith    .   (shield currently unavailable)
rNeg    . . .      Spirit   .   n - +4 plate armour {rPois}
rPois   +          Reflect  .   F - +2 hood of the Assassin {Detection Stab+ Stlth++}
rElec   .          Harm     .   H - scarf {rC+ rF+}
rCorr   .          Rampage  .   U - +2 pair of gloves
Will    +....                   A - +2 pair of boots {Fly}
Stlth   +.........              (no amulet)
HPRegen 0.38/turn               y - ring of protection from fire
MPRegen 0.19/turn               j - +4 ring of protection {=R}

@: about to teleport, heroic, flying
A: horns 2, retaliatory headbutt
}: 1/15 runes: serpentine
a: Renounce Religion, Heroism


You were on level 1 of the Vaults.
You worshipped Okawaru.
Okawaru was most pleased with you.
You visited 7 branches of the dungeon, and saw 32 of its levels.

You collected 3535 gold pieces.
You spent 2412 gold pieces at shops.

Inventory:

Hand Weapons
 a - a +1 glaive of flaming (weapon)
 b - a +1 longbow
 c - a +4 trident
 p - a +0 vampiric battleaxe
 v - a +1 vorpal glaive
 w - a +4 halberd of venom
 X - a +5 shortbow of venom
Missiles
 d - 919 arrows
 e - 5 throwing nets (quivered)
Armour
 n - a +4 plate armour of poison resistance (worn)
 A - a +2 pair of boots of flying (worn)
 F - the +2 hood of the Assassin (worn) {Detection Stab+ Stlth++}
   (You bought it in a shop on level 2 of the Orcish Mines)

   It allows the wearer to sense nearby creatures.
   It allows the wearer to make particularly effective stabbing attacks against
   helpless or unaware enemies with any weapon.
   Stlth:     It makes you much more stealthy.
 H - a scarf of resistance (worn)
 U - a +2 pair of gloves (worn)
Jewellery
 j - a +4 ring of protection (right hand) {=R}
 k - a ring of protection from cold
 l - a ring of positive energy
 x - a ring of protection from cold
 y - a ring of protection from fire (left hand)
 E - a ring of poison resistance
 G - an amulet of guardian spirit
 L - an amulet of the acrobat
Wands
 t - a wand of iceblast (7)
 u - a wand of digging (6)
 C - a wand of polymorph (11)
Scrolls
 q - a scroll of holy word
 N - 8 scrolls of teleportation
 T - 9 scrolls of identify {@r1}
 V - 5 scrolls of fog
Potions
 f - a potion of invisibility
 g - 4 potions of ambrosia
 h - 5 potions of attraction
 i - 3 potions of cancellation
 m - 8 potions of brilliance
 r - 2 potions of resistance
 s - a potion of heal wounds
 z - 6 potions of curing
 D - 4 potions of berserk rage
 I - a potion of haste
 O - a potion of magic
Miscellaneous
 M - a condenser vane
 S - a box of beasts
 W - a phantom mirror
 Z - a box of beasts


   Skills:
 - Level 17.4(22.4) Fighting
 + Level 6.2(18.8) Axes
 - Level 19.0(24.3) Polearms
 - Level 17.6(22.6) Bows
 - Level 17.8(22.8) Armour
 - Level 11.4(16.4) Dodging
 - Level 0.7(5.7) Stealth
 - Level 10.6 Invocations
 - Level 9.0 Evocations


You had 17 spell levels left.
You didn't know any spells.
Your spell library contained the following spells:

 Spells                   Type           Power      Damage    Failure   Level
 Sandblast                Erth           0%         2d4       91%         1
 Corpse Rot               Necr/Air       N/A        N/A       97%         2
 Ensorcelled Hibernation  Hex/Ice        0%         N/A       97%         2
 Passwall                 Tmut/Erth      0%         N/A       97%         2
 Slow                     Hex            0%         N/A       97%         2
 Confusing Touch          Hex            0%         N/A       99%         3
 Frozen Ramparts          Ice            0%         1d2       99%         3
 Gell's Gravitas          Tloc           0%         N/A       99%         3
 Ignite Poison            Fire/Tmut/Pois 0%         N/A       99%         3
 Lesser Beckoning         Tloc           0%         N/A       99%         3
 Mephitic Cloud           Conj/Pois/Air  0%         N/A       99%         3
 Ozocubu's Armour         Ice            0%         N/A       99%         3
 Stone Arrow              Conj/Erth      0%         3d7       99%         3
 Teleport Other           Tloc           0%         N/A       99%         3
 Vampiric Draining        Necr           0%         2d6       99%         3
 Dispel Undead            Necr           0%         3d6       100%        4
 Fulminant Prism          Conj/Hex       0%         3d6       100%        4
 Hailstorm                Conj/Ice       0%         3d3       100%        4
 Ice Form                 Ice/Tmut       0%         N/A       100%        4
 Iskenderun's Mystic Bla  Conj/Tloc      0%         2d3       100%        4
 Fireball                 Conj/Fire      0%         3d3       100%        5
 Freezing Cloud           Conj/Ice/Air   0%         6-21      100%        5
 Lee's Rapid Deconstruct  Erth           0%         3d5*      100%        5
 Yara's Violent Unravell  Hex/Tmut       0%         3d3       100%        5
 Dispersal                Tloc           0%         N/A       100%        6
 Starburst                Conj/Fire      0%         6d3       100%        6
 Ignition                 Fire           0%         3d3       100%        8
 Summon Ice Beast         Ice/Summ       Unusable   N/A       N/A         4
 Death Channel            Necr           Unusable   N/A       N/A         6

Dungeon Overview and Level Annotations

Branches:
Dungeon (15/15)            Temple (1/1) D:5            Lair (6/6) D:10
 Shoals (2/4) Lair:4        Snake (4/4) Lair:4        Slime (0/5) Lair:6
    Orc (2/2) D:12            Elf (0/3) Orc:2        Vaults (2/5) D:14
 Depths (0/4) D:15
  Crypt: Vaults:2-3

Altars:
Ashenzari
Cheibriados
Dithmenos
Elyvilon
Fedhas
Gozag
Hepliaklqana
Kikubaaqudgha
Makhleb
Nemelex Xobeh
Okawaru
Qazlal
Ru
Sif Muna
Trog
Uskayaw
Vehumet
Wu Jian
Xom
Yredelemnul
Zin
The Shining One
Beogh

Shops:
D:10 !   Orc:1 =   Orc:2 ?([![   Snake:2 *

Annotations:
D:14 exclusions: downstairs and 2 ice statues
D:15 2 transporters, Egithrirag's ghost, journeyman HOFi
Lair:3 exclusion: downstairs
Lair:5 1 runed translucent door
Shoals:2 Roxanne


Innate Abilities, Weirdness & Mutations

You have a pair of horns on your head.
You reflexively headbutt those who attack you in melee.


Message History

The ironbound convoker is almost dead.
The ironbound convoker begins to recite a word of recall!
You slice the ironbound convoker!! You burn the ironbound convoker.
You kill the ironbound convoker!
Okawaru accepts your kill.
The enormous slime creature closely misses you.
The purple ugly thing kicks you but does no damage.
The cyan very ugly thing stings you but does no damage.
You fly upwards.
There is a stone staircase leading down here.
You closely miss the purple ugly thing. You headbutt the purple ugly thing!
The purple ugly thing is lightly wounded.
The enormous slime creature hits you!!
The purple ugly thing kicks you but does no damage.
The cyan very ugly thing closely misses you.
You slash the purple ugly thing! You burn the purple ugly thing.
The purple ugly thing is moderately wounded.
An enormous slime creature splits.
You slice the purple ugly thing!! You burn the purple ugly thing.
You headbutt the purple ugly thing!
The purple ugly thing is almost dead.
The purple ugly thing closely misses you.
The cyan very ugly thing stings you!! The cyan very ugly thing shocks you!!
You are too injured to fight recklessly!
You are too injured to fight recklessly!
You are too injured to fight recklessly!
You are too injured to fight recklessly!
You are too injured to fight recklessly!
You are too injured to fight recklessly!
You are too injured to fight recklessly!
A large slime creature splits.
The purple ugly thing closely misses you.
The large slime creature hits you!
* * * LOW HITPOINT WARNING * * *
Two slime creatures merge to form a very large slime creature.
As you read the scroll of teleportation, it crumbles to dust.
You feel strangely unstable. The cyan very ugly thing stings you!
* * * LOW HITPOINT WARNING * * *
The cyan very ugly thing shocks you!!
You die...

......# #...........##.#.## ##.#.
......# #...........###.#.###.#.#
......# ####.....#####.#.#.#.#.#.
......# #.....# ##.#.#.#.#.#
......# #.....# #.#.#...#.#.
####### ####'###########'#####
#### #.............# ...#
#.............# ...#
#.@u..........# '#.#
#.u...........# ≈###
#.J.J.........##### ≈###
#....>........'.... '#.#
#.............#.#.# ...#
#########.............#.... ...#
#.......'..(..........#.#.#
'######.......###############....
......'.......######### #.#.#


You could see a cyan very ugly thing (strong), a purple ugly thing, a very large
slime creature and a slime creature.

Vanquished Creatures
  Jorgrun (D:13)
  Rupert (Orc:1)
  A sphinx (Vaults:2)
  A tengu reaver (Vaults:1)
  3 nagarajas (Snake:4)
  A vault warden (Vaults:1)
  2 orc warlords
  Aizul (Snake:1)
  2 ironbound preservers (Vaults:1)
  A very ugly thing (Vaults:1)
  A dire elephant (Vaults:1)
  A merfolk javelineer (Shoals:1)
  A crystal guardian (Vaults:1)
  A yaktaur captain (Vaults:1)
  A merfolk impaler (Shoals:2)
  Josephine (D:12)
  2 great orbs of eyes
  4 salamander tyrants
  2 ogre magi
  2 ironbound thunderhulks (Vaults:1)
  Harold (Orc:1)
  A peacekeeper (Vaults:1)
  17 naga warriors
  Erolcha (Orc:1)
  12 hydras
  A rakshasa (D:11)
  6 boulder beetles
  23 anacondas
  5 two-headed ogres
  2 alligators
  A catoblepas (Lair:6)
  4 ironbound frosthearts (Vaults:1)
  Erica (D:8)
  4 centaur warriors
  5 tengu warriors
  11 death yaks
  3 orc high priests (Orc:2)
  Urug (Orc:2)
  8 shock serpents
  28 naga sharpshooters
  2 skeletal warriors (D:15)
  5 salamander mystics
  A spark wasp zombie (D:15)
  4 sea snakes
  A flayed ghost (D:14)
  2 swamp dragons (Lair:4)
  5 ironbound convokers
  13 naga ritualists
  8 lindwurms
  7 orc knights
  20 harpies
  32 ugly things
  5 wizards (Vaults:1)
  4 orc sorcerers
  A necromancer (D:14)
  7 cyclopes
  13 mana vipers
  7 manticores
  11 fauns (Shoals:1)
  3 deep elf pyromancers
  A sphinx skeleton (D:15)
  25 salamanders
  3 elephants (Lair:6)
  3 merfolk sirens (Shoals:1)
  23 naga magi
  44 black mambas
  A gargoyle (D:12)
  4 vault sentinels
  2 water nymphs (Shoals:1)
  4 guardian serpents
  Maggie (D:9)
  3 unseen horrors
  12 cane toads
  11 komodo dragons
  3 efreet
  A kobold demonologist (D:11)
  3 rime drakes
  2 yaktaurs
  A tengu conjurer (D:15)
  9 trolls
  A spriggan skeleton (D:15)
  4 merfolk
  5 hornets
  2 wind drakes
  9 polar bears
  10 dream sheep
  A tyrant leech (Lair:4)
  20 blink frogs
  A dream sheep (shapeshifter) (Vaults:1)
  21 slime creatures
  4 snapping turtles (Shoals:2)
  A spriggan zombie (D:15)
  A centaur simulacrum (D:10)
  3 vampires
  A yak (shapeshifter) (D:15)
  15 spriggans (Lair:6)
  2 water elementals
  2 wyverns
  4 wraiths (D:12)
  33 yaks
  4 vampire mosquitoes
  7 basilisks
  A steam dragon (D:6)
  5 wargs
  3 swamp worms (Lair:4)
  58 nagas
  3 acid dragons
  11 water moccasins
  A floating eye (Lair:4)
  A swamp drake (Lair:4)
  A hornet zombie (D:8)
  28 orc warriors
  A meliai simulacrum (D:14)
  4 black bears
  A necrophage (D:5)
  3 boggarts (Lair:6)
  28 wolves
  7 centaurs
  10 ogres
  4 kobold brigands
  A gnoll sergeant (Orc:2)
  14 bullfrogs
  2 scorpions (D:5)
  3 killer bees (D:10)
  3 wights (D:6)
  3 electric eels
  A howler monkey (D:9)
  3 centaur zombies
  3 bullfrog zombies
  4 hounds
  6 jellies
  22 orc priests
  2 gnoll shamans
  A bullfrog skeleton (D:4)
  30 orc wizards
  5 iguanas
  A hound skeleton (D:4)
  A howler monkey zombie (D:10)
  Robin (D:2)
  13 gnolls
  10 adders
  2 shadow imps (D:7)
  A white imp (D:5)
  A worm (D:2)
  3 dart slugs
  70 orcs
  4 endoplasms
  6 giant cockroaches
  14 goblins
  8 hobgoblins
  8 jackals
  2 quokkas
  6 ball pythons
  2 bats
  10 frilled lizards
  27 kobolds
  5 rats
1091 creatures vanquished.

Vanquished Creatures (others)
  A harpy (D:13)
  A troll (Orc:2)
  2 orcs (Orc:2)
  32 fungi
  112 plants
  5 tentacles (Shoals:2)
  13 toadstools (Lair:5)
  11 withered plants (D:15)
177 creatures vanquished.

Grand Total: 1268 creatures vanquished

Notes
Turn   | Place    | Note
-------+----------+-------------------------------------------
     0 | D:1      | dolemite99 the Minotaur Hunter began the quest for the Orb.
     0 | D:1      | Reached XP level 1. HP: 18/18 MP: 0/0
   155 | D:1      | Reached skill level 1 in Polearms
   334 | D:1      | Reached skill level 2 in Polearms
   334 | D:1      | Reached XP level 2. HP: 16/25 MP: 1/1
  1311 | D:2      | Reached skill level 3 in Polearms
  1345 | D:2      | Reached XP level 3. HP: 30/30 MP: 2/2
  1691 | D:2      | Noticed Robin
  1703 | D:2      | Killed Robin
  1704 | D:2      | Reached skill level 4 in Polearms
  1704 | D:2      | Reached XP level 4. HP: 27/37 MP: 3/3
  2157 | D:2      | Found a faded altar of an unknown god.
  2521 | D:3      | Reached skill level 5 in Bows
  2753 | D:3      | Reached XP level 5. HP: 42/42 MP: 4/4
  2759 | D:3      | Found a glowing drain.
  2985 | D:3      | Got the Grimoire of Cold
  3213 | D:4      | Reached skill level 5 in Polearms
  3580 | D:4      | Reached XP level 6. HP: 50/50 MP: 5/5
  3994 | D:5      | Entered Level 5 of the Dungeon
  4022 | D:5      | Reached skill level 6 in Polearms
  4380 | D:5      | Reached XP level 7. HP: 56/56 MP: 6/6
  4459 | D:5      | Reached skill level 7 in Polearms
  4847 | D:5      | Found a staircase to the Ecumenical Temple.
  4854 | Temple   | Entered the Ecumenical Temple
  4918 | Temple   | Became a worshipper of Warmaster Okawaru
  5218 | D:6      | Reached skill level 8 in Polearms
  5464 | D:6      | Reached XP level 8. HP: 62/62 MP: 7/7
  5686 | D:6      | Reached skill level 1 in Armour
  6556 | D:6      | Reached skill level 1 in Evocations
  6931 | D:6      | Found a broken altar of Ashenzari.
  7248 | D:6      | Reached * piety under Okawaru
  7877 | D:7      | You fall into a shaft and drop 1 floor!
  7901 | D:8      | Noticed a cyclops
  7911 | D:8      | Killed a cyclops
  7911 | D:8      | Reached ** piety under Okawaru
  7912 | D:8      | Reached skill level 5 in Fighting
  7912 | D:8      | Reached XP level 9. HP: 70/74 MP: 5/8
  8239 | D:8      | Noticed Erica
  9332 | D:7      | Reached skill level 1 in Invocations
  9503 | D:8      | Killed Erica
  9504 | D:8      | Reached skill level 5 in Invocations
 10171 | D:8      | Reached *** piety under Okawaru
 10275 | D:9      | Noticed a two-headed ogre
 10284 | D:9      | Killed a two-headed ogre
 10284 | D:9      | Received a gift from Okawaru
 10285 | D:9      | Reached XP level 10. HP: 88/88 MP: 10/14
 10449 | D:9      | Noticed Maggie
 10456 | D:9      | Killed Maggie
 10606 | D:9      | Noticed a two-headed ogre
 10614 | D:9      | Killed a two-headed ogre
 10614 | D:9      | Reached **** piety under Okawaru
 11081 | D:9      | Reached skill level 10 in Invocations
 11653 | D:10     | Entered Level 10 of the Dungeon
 12175 | D:10     | Noticed a two-headed ogre
 12179 | D:10     | Killed a two-headed ogre
 12179 | D:10     | Received a gift from Okawaru
 12180 | D:10     | Reached XP level 11. HP: 47/94 MP: 14/17
 12428 | D:10     | Identified the +0 scale mail of the First Deaths {Regen+}
 12448 | D:10     | Reached skill level 5 in Armour
 12893 | D:10     | Found Weaxoic's Distillery.
 12948 | D:10     | Bought 2 potions of heal wounds for 130 gold pieces
 12948 | D:10     | Bought 2 potions of might for 104 gold pieces
 12948 | D:10     | Bought a potion of heal wounds for 65 gold pieces
 12948 | D:10     | Bought a potion of berserk rage for 65 gold pieces
 12948 | D:10     | Bought a potion of curing for 39 gold pieces
 12948 | D:10     | Bought a potion of flight for 39 gold pieces
 12948 | D:10     | Bought a potion of heal wounds for 65 gold pieces
 13130 | D:10     | Found a staircase to the Lair.
 13347 | Lair:1   | Entered Level 1 of the Lair of Beasts
 13389 | Lair:1   | Reached ***** piety under Okawaru
 14970 | Lair:2   | Noticed a six-headed hydra
 14979 | Lair:2   | Killed a six-headed hydra
 14980 | Lair:2   | Reached skill level 10 in Bows
 15100 | Lair:2   | Received a gift from Okawaru
 15101 | Lair:2   | Reached skill level 10 in Fighting
 16693 | Lair:3   | Reached XP level 12. HP: 108/108 MP: 18/18
 17538 | Lair:3   | Noticed a seven-headed hydra
 17546 | Lair:3   | Killed a seven-headed hydra
 17552 | Lair:3   | Reached skill level 9 in Polearms
 18175 | Lair:4   | Noticed an eight-headed hydra
 18189 | Lair:4   | Killed an eight-headed hydra
 18343 | Lair:4   | Noticed a five-headed hydra
 18356 | Lair:4   | Killed a five-headed hydra
 18356 | Lair:4   | Received a gift from Okawaru
 18357 | Lair:4   | Reached skill level 10 in Polearms
 18470 | Lair:4   | Reached skill level 11 in Polearms
 18557 | Lair:4   | Noticed a death yak
 18557 | Lair:4   | Noticed a death yak
 18557 | Lair:4   | Noticed a death yak
 18557 | Lair:4   | Noticed a death yak
 18557 | Lair:4   | Noticed a death yak
 18570 | Lair:4   | Killed a death yak
 18576 | Lair:4   | Noticed a death yak
 18577 | Lair:4   | Killed a death yak
 18578 | Lair:4   | Killed a death yak
 18579 | Lair:4   | Reached skill level 12 in Polearms
 18584 | Lair:4   | Killed a death yak
 18601 | Lair:4   | Killed a death yak
 18601 | Lair:4   | Received a gift from Okawaru
 18614 | Lair:3   | Killed a death yak
 18615 | Lair:3   | Reached skill level 13 in Polearms
 19489 | Lair:4   | Reached skill level 14 in Polearms
 19639 | Lair:4   | Noticed an eight-headed hydra
 19657 | Lair:4   | Killed an eight-headed hydra
 19919 | Lair:4   | Reached XP level 13. HP: 115/115 MP: 19/19
 20611 | Lair:4   | Reached skill level 15 in Polearms
 20748 | Lair:4   | Found a staircase to the Snake Pit.
 20790 | Lair:4   | Received a gift from Okawaru
 21250 | Lair:4   | Found a staircase to the Shoals.
 21889 | Lair:5   | Found a runed translucent door.
 21913 | Lair:5   | Noticed a dire elephant
 21913 | Lair:5   | Noticed a dire elephant
 22768 | Lair:6   | Entered Level 6 of the Lair of Beasts
 22777 | Lair:6   | Reached skill level 10 in Armour
 23930 | Lair:6   | Found a staircase to the Slime Pits.
 24644 | Lair:6   | Reached XP level 14. HP: 126/130 MP: 20/20
 24664 | Lair:6   | Received a gift from Okawaru
 27638 | D:11     | Reached skill level 15 in Fighting
 28157 | D:11     | Received a gift from Okawaru
 28853 | D:11     | Identified the +8 quarterstaff of Weistrung {chaos,
                  | *Corrode rC+ Will++ Stlth+}
 29745 | D:12     | Found a staircase to the Orcish Mines.
 30493 | Orc:1    | Entered Level 1 of the Orcish Mines
 30493 | Orc:1    | Noticed Josephine
 30557 | D:12     | Received a gift from Okawaru
 30628 | D:12     | Killed Josephine
 30986 | Orc:1    | Found Yfoicw's Jewellery Shop.
 31187 | Orc:1    | Noticed Erolcha
 31211 | Orc:1    | Killed Erolcha
 31473 | Orc:2    | Entered Level 2 of the Orcish Mines
 31479 | Orc:2    | Noticed an orc warlord
 31490 | Orc:2    | Reached skill level 15 in Armour
 31493 | Orc:2    | Noticed Rupert
 31535 | Orc:1    | Killed Rupert
 31765 | Orc:2    | Killed an orc warlord
 31809 | Orc:2    | Found a staircase to the Elven Halls.
 32299 | Orc:2    | Noticed Urug
 32341 | Orc:2    | Killed Urug
 32341 | Orc:2    | Received a gift from Okawaru
 32342 | Orc:2    | Reached XP level 15. HP: 74/145 MP: 14/21
 32952 | Orc:2    | Found Ytrehis's Magic Scroll Shop.
 33782 | Orc:2    | Bought a scroll of fear for 49 gold pieces
 33782 | Orc:2    | Bought a scroll of blinking for 105 gold pieces
 33915 | Orc:2    | Received a gift from Okawaru
 35424 | Orc:2    | Found Ziaffeos's Armour Emporium.
 35424 | Orc:2    | Found Kugiwn's Distillery.
 35434 | Orc:2    | Found Monin's Weapon Boutique.
 35434 | Orc:2    | Found Jaomiru's Armour Emporium.
 35447 | Orc:2    | Bought the +2 hood of the Assassin {Detection Stab+
                  | Stlth++} for 600 gold pieces
 35447 | Orc:2    | Found the +2 hood of the Assassin {Detection Stab+ Stlth++}
 35645 | Orc:2    | Bought a potion of might for 48 gold pieces
 35799 | D:10     | Bought a potion of invisibility for 104 gold pieces
 35799 | D:10     | Bought a potion of cancellation for 104 gold pieces
 35799 | D:10     | Bought a potion of berserk rage for 65 gold pieces
 35954 | Orc:2    | Bought a potion of haste for 120 gold pieces
 35954 | Orc:2    | Bought a potion of haste for 120 gold pieces
 36758 | D:13     | Noticed Jorgrun
 36769 | D:13     | Killed Jorgrun
 38351 | D:14     | Reached skill level 5 in Evocations
 38415 | D:14     | Found a gate to the Vaults.
 38442 | D:14     | Found a glowing golden altar of the Shining One.
 38735 | D:15     | Entered Level 15 of the Dungeon
 39276 | D:15     | Received a gift from Okawaru
 39659 | D:15     | Found a staircase to the Depths.
 40134 | D:15     | Found a transporter.
 40140 | D:15     | Noticed Egithrirag's ghost (journeyman HOFi)
 40179 | D:15     | Found a transporter.
 40239 | D:15     | Identified a scroll of acquirement
 40239 | D:15     | Acquired a +1 glaive of flaming
 40561 | Snake:1  | Entered Level 1 of the Snake Pit
 40572 | Lair:4   | Reached XP level 16. HP: 130/152 MP: 22/22
 40653 | Snake:1  | Received a gift from Okawaru
 41956 | Snake:1  | Reached skill level 16 in Polearms
 42177 | Snake:1  | Received a gift from Okawaru
 42698 | Snake:1  | Received a gift from Okawaru
 42915 | Snake:1  | Noticed Aizul
 42937 | Snake:1  | Killed Aizul
 42942 | Snake:1  | Reached skill level 17 in Polearms
 43239 | Snake:1  | Received a gift from Okawaru
 43724 | Snake:2  | Found Math's General Store.
 43741 | Snake:2  | Bought a wand of digging (4) for 304 gold pieces
 43741 | Snake:2  | Bought a scroll of magic mapping for 66 gold pieces
 43742 | Snake:2  | Bought a scroll of fog for 38 gold pieces
 43861 | Snake:2  | Reached skill level 18 in Polearms
 44605 | Snake:2  | Received a gift from Okawaru
 46083 | Snake:2  | Received a gift from Okawaru
 46517 | Snake:2  | Reached skill level 19 in Polearms
 47717 | Snake:3  | Reached skill level 5 in Dodging
 49196 | Snake:3  | Received a gift from Okawaru
 49276 | Snake:3  | Reached XP level 17. HP: 146/160 MP: 20/23
 49848 | Shoals:1 | Entered Level 1 of the Shoals
 49870 | Lair:4   | Received a gift from Okawaru
 51011 | Shoals:1 | Reached skill level 10 in Dodging
 52074 | Shoals:2 | Received a gift from Okawaru
 52178 | Shoals:2 | Noticed Roxanne
 52648 | Shoals:2 | Noticed a kraken
 52945 | Orc:2    | Bought a scroll of fear for 49 gold pieces
 52945 | Orc:2    | Bought a scroll of fog for 28 gold pieces
 52945 | Orc:2    | Bought a scroll of enchant armour for 105 gold pieces
 53455 | Orc:1    | Noticed Harold
 53464 | Orc:1    | Killed Harold
 53975 | Snake:4  | Entered Level 4 of the Snake Pit
 54633 | Snake:4  | Received a gift from Okawaru
 55621 | Snake:4  | Reached skill level 15 in Bows
 56825 | Snake:4  | Found an opulent altar of Gozag.
 56983 | Snake:4  | Reached XP level 18. HP: 119/168 MP: 20/24
 58075 | Snake:4  | Received a gift from Okawaru
 58860 | Snake:4  | Got a serpentine rune of Zot
 59737 | Vaults:1 | Entered Level 1 of the Vaults
 59972 | Vaults:1 | Received a gift from Okawaru
 60118 | Vaults:1 | Received a gift from Okawaru
 60325 | Vaults:1 | Received a gift from Okawaru
 61032 | Vaults:1 | Received a gift from Okawaru
 61057 | Vaults:1 | Identified the +5 war axe "Fifei" {vorpal, Stlth+}
 61769 | Vaults:1 | Reached skill level 1 in Axes
 62787 | Vaults:1 | Reached skill level 5 in Axes
 63236 | Vaults:2 | Paralysed by a great orb of eyes for 4 turns
 63518 | Vaults:1 | Slain by a cyan very ugly thing

Illustrated notes

Levels and vault maps discovered:
D:1:      nzn_arrival_settlement, layout_basic
D:2:      layout_loops_corners, ebering_ecumenical_altar_sacrificial,
          minmay_tiny_reverse_x, uniq_robin
D:3:      layout_basic, gup_sewer_entry_glass
D:4:      layout_cave_pools, minmay_misc_feat_room, kennysheep_generic_room_13
D:5:      layout_rooms, temple_green, nrook_pool_corridor
D:6:      layout_loops_corners, ashenzari_conservatory_becter
D:7:      layout_cave_pools
D:8:      layout_loops_cross, uniq_erica
D:9:      layout_loops_cross, uniq_maggie
D:10:     layout_roguey, lair_entry_dummy, serial_shops, nicolae_diamond_shop,
          enter_bailey_4
D:11:     minmay_the_grid_triangle_9x9_recursive_2_mashed
          [minmay_the_grid_triangle_9x9_prize_top_heavy,
          minmay_the_grid_triangle_9x9_cache,
          minmay_the_grid_triangle_9x9_longest,
          minmay_the_grid_triangle_9x9_flanged_cone], layout_layer_cave
D:12:     layout_basic, david_orc_4, minmay_lizard_king
D:13:     layout_rooms, hangedman_aviary, uniq_jorgrun
D:14:     layout_irregular_city, david_vaults_2,
          portal_ice_cave_entry_ice_statue_two, tso_metal_star
D:15:     gammafunk_depths_entry_grave, layout_rooms, amcnicky_mini_pool_small,
          gammafunk_ghost_stat_death
Temple:   compressed_dpeg_circular_temple
Lair:1:   layout_regular_city, patterned_corridor, lemuel_fruit_tree,
          grunt_megastairs_2
Lair:2:   layout_regular_city, beast_lair_carwin_3, grunt_megastairs_1
Lair:3:   layout_cellular_growth, infiniplex_staircase_pool
Lair:4:   onia_ninara_swampy_vault, layout_regular_city,
          elwin_shoals_entry_rooms, minmay_snake_entry_guardpost_large
Lair:5:   gammafunk_lair_enchanted_lake, layout_regular_city,
          grunt_megastairs_5, serial_bayou_shore_a
Lair:6:   minmay_lair_end_enchanted_forest, layout_cave_pods,
          minmay_slime_entry_pillars, st_stairs_8,
          nicolae_lair_grove_arrangements, grunt_forest_large_clearing_hut
Shoals:1: layout_shoals, yaktaur_hedge
Shoals:2: layout_shoals, uniq_roxanne
Snake:1:  layout_misc_corridors, grunt_megastairs_3, uniq_aizul
Snake:2:  layout_basic, serial_shops, nicolae_stop_n_shop_2,
          statue_in_the_mist_lemuel, nicolae_snake_serpentine_hallways,
          drop_trap, grunt_megastairs_4
Snake:3:  layout_grid_maze
Snake:4:  snake_pit, layout_chambers, basic_altar, nicolae_snake_scaly_snakehead
Orc:1:    layout_caves, basic_altar, minmay_shop_enchanted_jewellery,
          uniq_erolcha, uniq_josephine, uniq_harold
Orc:2:    grunt_orc_tribal_feast, layout_caves, serial_shops, shop,
          sword_in_stone, uniq_rupert
Vaults:1: ontoclasm_vaults_decontamination, v_misc_25,
          nicolae_vaults_yaktaur_gun_rack, v_alt_pattern_1,
          nicolae_vaults_ring_of_whatevers, v_pattern_4, hangedman_vaults_nails,
          grunt_vaults_diagonal, v_misc_30, vaults_room_ringed_pool,
          vaults_room_fours, nicolae_vaults_theta, v_alt_pattern_5, st_cells,
          layout_vaults_omnibox
Vaults:2: nicolae_vaults_big_angled_halls, minmay_crypt_entry_simple_statues,
          nicolae_vaults_diagonal_hallway_6, v_pattern_1, v_misc_2, v_misc_4,
          vaults_room_pools, nicolae_vaults_mini_display_case,
          nicolae_vaults_shelves_hall, layout_vaults_chaotic_city, serial_glass,
          serial_shops, nicolae_shop_waterfront, uniq_asterion

Skill      XL: |  1  2  3  4  5  6  7  8  9 10 11 12 13 14 15 16 17 18 |
---------------+-------------------------------------------------------+-----
Polearms       | 2 3 4 5 6 8 14 15 19 | 19.0
Bows           | 5 6 8 10 14 16 17 | 17.6
Armour         | 3 4 8 12 15 17 | 17.8
Evocations     | 4 8 9 |  9.0
Fighting       | 5 7 8 10 13 16 17 | 17.4
Invocations    | 7 10 | 10.6
Dodging        | 7 11 | 11.4
Axes           | 6 |  6.2
Stealth        | |  0.7

Action                   |  1- 3 |  4- 6 |  7- 9 | 10-12 | 13-15 | 16-18 || total
-------------------------+-------+-------+-------+-------+-------+-------++-------
Melee: Short sword       |    23 |       |       |       |       |       ||    23
       Trident           |    23 |   119 |   156 |   133 |       |       ||   431
       Headbutt          |     6 |    19 |    30 |    56 |   141 |   195 ||   447
       Punch             |       |       |     1 |     3 |       |       ||     4
       Halberd           |       |       |       |    75 |   659 |    12 ||   746
       Glaive            |       |       |       |       |     6 |   913 ||   919
 Fire: Shortbow          |    27 |    65 |   144 |   416 |  1297 |    87 ||  2036
       Longbow           |       |       |       |       |       |   966 ||   966
Throw: Boomerang         |       |    15 |     2 |       |    50 |     5 ||    72
Invok: Heroism           |       |       |     6 |    42 |    81 |    99 ||   228
       Finesse           |       |       |       |     7 |    13 |    13 ||    33
Evoke: Wand              |       |       |    41 |    48 |    19 |    43 ||   151
       Condenser vane    |       |       |       |     2 |     4 |     9 ||    15
  Use: Scroll            |     2 |     7 |     2 |    11 |    15 |    15 ||    52
       Potion            |       |       |       |     8 |    10 |    14 ||    32
 Stab: Sleeping          |     1 |       |       |       |       |       ||     1
       Paralysed         |       |       |     1 |       |       |     2 ||     3
       Confused          |       |       |       |     1 |       |       ||     1
       Invisible         |       |       |       |       |     9 |       ||     9
Armor: Leather armour    |    10 |     9 |       |       |       |       ||    19
       Chain mail        |       |    58 |    86 |       |       |       ||   144
       Plate armour      |       |       |     7 |   175 |   693 |   688 ||  1563
Dodge: Dodged            |    40 |    30 |    79 |   125 |   369 |   539 ||  1182

Table legend: (Time is in decaauts)
 A = Elapsed time spent in this place.
 B = Non-inter-level travel time spent in this place.
 C = Inter-level travel time spent in this place.
 D = Time resting spent in this place.
 E = Time spent auto-exploring this place.
 F = Levels seen in this place.
 G = Mean time per level.
                   A        B        C        D        E       F      G
               +--------+--------+--------+--------+--------+-----+--------+
         Total |  61850 |  58011 |   3839 |  23237 |  24466 |  32 | 1932.8 |
       Dungeon |  21623 |  20255 |   1368 |   6696 |   9966 |  15 | 1441.5 |
        Temple |     84 |     70 |     14 |      0 |     28 |   1 |   84.0 |
          Lair |  15244 |  14149 |   1095 |   6081 |   6092 |   6 | 2540.7 |
        Shoals |   2255 |   2192 |     63 |    568 |   1127 |   2 | 1127.5 |
     Snake Pit |  14038 |  13410 |    628 |   6495 |   4418 |   4 | 3509.5 |
  Orcish Mines |   5560 |   5140 |    420 |   2543 |   1479 |   2 | 2780.0 |
        Vaults |   3042 |   2793 |    249 |    853 |   1356 |   2 | 1521.0 |
               +--------+--------+--------+--------+--------+-----+--------+

Top non-repeatable levels by time:
 Snake:4: 5301 daAuts
  Lair:4: 4532 daAuts
   Orc:2: 4276 daAuts
  Lair:6: 3988 daAuts
 Snake:3: 3160 daAuts
 Snake:2: 3112 daAuts
Vaults:1: 2914 daAuts
  Lair:3: 2881 daAuts
 Snake:1: 2464 daAuts
     D:6: 2453 daAuts
    D:12: 2238 daAuts
    D:11: 1978 daAuts
    D:10: 1879 daAuts
    D:14: 1707 daAuts
  Lair:1: 1500 daAuts
